 Dungeon Crawl Stone Soup version 0.24.0-37-gcf1ca852f1 (webtiles) character file.

Game seed: 9487627635600143722, levelgen mode: deterministic

58 Belius the Skirmisher (level 4, -1/37 HPs)
             Began as a Formicid Abyssal Knight on Dec 5, 2019.
             Was a Follower of Lugonu.
             Killed from afar by an orc wizard (6 damage)
             ... with a puff of flame
             ... on level 2 of the Dungeon.
             The game lasted 00:03:17 (2059 turns).

Belius the Skirmisher (Formicid Abyssal Knight)     Turns: 2059, Time: 00:03:17

Health: -1/37      AC:  5    Str: 16 (18) XL:     4   Next: 21%
Magic:  6/6        EV: 11    Int: 10 (11) God:    Lugonu [*.....]
Gold:   61         SH:  0    Dex:  8 (10) Spells: 3/3 levels left

rFire    . . .     SeeInvis +   a - +1 falchion
rCold    . . .     Gourm    .   (no shield)
rNeg     . . .     Faith    .   b - +0 leather armour
rPois    .         Spirit   .   (helmet unavailable)
rElec    .         Reflect  .   i - +0 cloak
rCorr    .         Harm     .   (no gloves)
MR       .....                  j - +0 pair of boots
Stlth    +.........             (no amulet)
HPRegen  0.12/turn              (no ring)
MPRegen  0.10/turn              (no ring)

@: no status effects
A: permanent stasis, dig shafts and tunnels, four strong arms, antennae 3
a: Dig, Shaft Self, Depart the Abyss, Renounce Religion


You were on level 2 of the Dungeon.
You worshipped Lugonu.
Lugonu was aware of your devotion.
You were hungry.

You visited 1 branch of the dungeon, and saw 2 of its levels.
You visited the Abyss 1 time.

You collected 61 gold pieces.

Inventory:

Hand Weapons
 a - a +1 falchion (weapon)
Armour
 b - a +0 leather armour (worn)
 i - a +0 cloak (worn)
 j - a +0 pair of boots (worn)
Scrolls
 e - a scroll of identify
 l - a scroll of teleportation
Comestibles
 c - 3 rations


   Skills:
 + Level 4.2 Fighting
 + Level 2.4 Long Blades
 + Level 2.6 Armour
 + Level 0.9 Dodging
 + Level 3.2 Invocations


You had 3 spell levels left.
You didn't know any spells.
Your spell library was empty.

Dungeon Overview and Level Annotations

Branches:
Dungeon (2/15)

Altars:


Innate Abilities, Weirdness & Mutations

You cannot be hasted, slowed, berserked, paralysed or teleported.
You can dig through walls and to a lower floor.
Your four strong arms can wield two-handed weapons with a shield.
You have a pair of large antennae on your head. (SInv)


Message History

It is a scroll of identify.
l - a scroll of teleportation The orc hits you but does no damage.
The orc wizard hits you but does no damage.
As you read the scroll labeled COTAEL DESENT, it crumbles to dust.
The creatures around you are filled with an inner flame!
It was a scroll of immolation.
The orc wizard looks encouraged for a moment.
The orc hits you but does no damage.
As you read the scroll labeled TECIAFOUNET, it crumbles to dust.
You hear a loud clanging noise!
It was a scroll of noise.
You hear a shout! x2
The orc hits you but does no damage. The orc wizard completely misses you.
As you read the scroll labeled KIELEH TAUWKAF, it crumbles to dust.
Your ears itch!
It was a scroll of random uselessness.
The orc hits you but does no damage.
The orc wizard points at you and mumbles some strange words.
The puff of flame hits you.
You die...

#. #.#####.......## ##.##
###.###..............####...#
<....................'.......
###....####.........####...#
#...### #........## ##...
#.....# #.#.....## #.##
####.###.# #.##...## #.#.
......##.###o###'## #.#.
####....ooo@# #.# ######...
......##.##### #.# ##...####.
o..≈. #.# ###.###.....###.
o... #.# #............##.


.oo ..#####..###.......... .. .#........# #.......### . .#### #..###......## {..
#..........## ## #.#.###.#### You could see an orc priest (inner flame), an orc
wizard (inner flame) and 2 orcs.

Vanquished Creatures
  An adder (D:2)
  2 oozes (D:1)
  A leopard gecko (D:1)
  2 orcs (D:2)
  3 bats
  A giant cockroach (D:1)
  6 goblins
  4 hobgoblins
  2 jackals (D:2)
  2 ball pythons (D:2)
  A frilled lizard (D:1)
  4 kobolds (D:1)
  A leopard gecko skeleton (D:2)
  6 rats
36 creatures vanquished.

Notes
Turn   | Place    | Note
-------+----------+-------------------------------------------
     0 | Abyss:1  | Belius the Formicid Abyssal Knight began the quest for the
                  | Orb.
     0 | Abyss:1  | Reached XP level 1. HP: 18/18 MP: 2/2
    90 | Abyss:1  | Noticed a starcursed mass
    94 | D:1      | Escaped the Abyss
   288 | D:1      | Reached * piety under Lugonu
   288 | D:1      | Reached XP level 2. HP: 24/24 MP: 3/3
   703 | D:1      | Reached XP level 3. HP: 30/30 MP: 4/4
  1004 | D:1      | Reached skill level 4 in Fighting
  1781 | D:2      | Reached XP level 4. HP: 32/37 MP: 6/6
  2059 | D:2      | Killed from afar by an orc wizard

Levels and vault maps discovered:
D:1:      erik_arrival_gehennom, layout_basic
D:2:      cheibrodos_pilgrimage, layout_loops_corners, first_ration,
          st_stairs_10, hex_medium

Skill      XL: |  1  2  3 |
---------------+----------+-----
Fighting       | 4 |  4.2
Invocations    | 3 |  3.2
Long Blades    | |  2.4
Armour         | |  2.6
Dodging        | |  0.9

Action                   |  1- 3 |  4- 6 || total
-------------------------+-------+-------++-------
Melee: Falchion          |    66 |    28 ||    94
Invok: Depart the Abyss  |     1 |       ||     1
  Use: Scroll            |       |     4 ||     4
       Potion            |       |     2 ||     2
  Eat: Chunk             |     3 |       ||     3
Armor: Leather armour    |    13 |    20 ||    33
Dodge: Dodged            |    38 |    17 ||    55
       Rpst.: Falchion   |    13 |     7 ||    20
